 Dungeon Crawl Stone Soup version 0.19-a0-1509-ge761a2a (webtiles) character file.

689 TheGoonsmith the Twirler (level 7, 0/51 HPs)
             Began as a Demonspawn Gladiator on Sept 11, 2016.
             Was a Follower of Nemelex Xobeh.
             Slain by a killer bee (4 damage)
             ... on level 5 of the Dungeon.
             The game lasted 00:11:22 (4852 turns).

TheGoonsmith the Twirler (Demonspawn Gladiator)     Turns: 4852, Time: 00:11:23

Health: 0/51       AC: 16    Str: 18    XL:     7   Next: 36%
Magic:  7/7        EV:  8    Int:  9    God:    Nemelex Xobeh [*.....]
Gold:   156        SH:  0    Dex: 13    Spells: 0 memorised, 6 levels left

rFire  . . .     SeeInvis .     a - +1 quarterstaff
rCold  . . .     Gourm    .     J - +0 chain mail
rNeg   . . .     Faith    .     (shield currently unavailable)
rPois  .         Spirit   .     (helmet restricted)
rElec  .         Dismiss  .     v - +1 cloak
rCorr  .         Reflect  .     (no gloves)
MR     .....     Harm     .     (no boots)
Stlth  ..........               (no amulet)
                                (no ring)
                                (no ring)

@: lethally poisoned (0 -> -8), about to teleport, sanguine armour
A: antennae 1, spiny 1, sanguine armour 1
a: Renounce Religion


You were on level 5 of the Dungeon.
You worshipped Nemelex Xobeh.
Nemelex Xobeh was aware of your devotion.
You were hungry.

You visited 2 branches of the dungeon, and saw 6 of its levels.

You collected 156 gold pieces.

Inventory:

Hand Weapons
 a - a +1 quarterstaff (weapon)
 b - a +0 hunting sling of flaming
 F - a +0 flail of venom
Missiles
 d - 3 throwing nets
 o - 138 stones
 t - 24 sling bullets
 w - 3 curare-tipped needles
 A - 2 steel tomahawks
 B - 3 javelins (quivered)
Armour
 k - a +0 leather armour
 l - a +2 ring mail of cold resistance
 v - a +1 cloak (worn)
 J - a +0 chain mail (worn)
Wands
 H - a wand of paralysis (9/24)
 I - a wand of digging (23/24)
Scrolls
 c - a scroll of enchant weapon
 j - 5 scrolls of remove curse
 m - a scroll of teleportation
 r - 3 scrolls of identify
 u - 2 scrolls of amnesia
 y - 3 scrolls of enchant armour
 D - 2 scrolls of immolation {unknown}
 K - a scroll of brand weapon {unknown}
Potions
 h - 3 potions of flight
 i - 2 potions of mutation
 n - a potion of berserk rage {unknown}
 p - a potion of might {unknown}
 q - a potion of brilliance {unknown}
 s - a potion of haste {unknown}
 x - 2 potions of heal wounds {unknown}
 z - a potion of lignification {unknown}
 C - 2 potions of cure mutation {unknown}
Miscellaneous
 E - an ornate deck of escape
Comestibles
 f - 5 bread rations
 g - 5 meat rations
 G - 8 fruits


   Skills:
 + Level 2.6 Fighting
 - Level 7.0 Staves
 - Level 3.0(3.2) Slings
 - Level 1.7(2.6) Throwing
 - Level 2.6 Dodging


You had 6 spell levels left.
You didn't know any spells.

Dungeon Overview and Level Annotations

Branches:
Dungeon (5/15)             Temple (1/1) D:4

Altars:
Cheibriados
Dithmenos
Elyvilon
Hepliaklqana
Makhleb
Nemelex Xobeh
Okawaru
Qazlal
Sif Muna
Uskayaw
Xom
Yredelemnul

Annotations:
D:5 Prince Ribbit


Innate Abilities, Weirdness & Mutations

You have a pair of small antennae on your head.
You are partially covered in sharp spines.
When seriously injured, your bleeding wounds create armour. (AC +6)


Message History

The killer bee poisons you!
The killer bee stings you but does no damage.
Prince Ribbit is struck by your spines. Prince Ribbit closely misses you.
The killer bee is struck by your spines.
The killer bee stings you.
* * * LOW HITPOINT WARNING * * *
The killer bee stings you but does no damage.
Unknown command.
You feel better.
Prince Ribbit disappears!
The killer bee stings you but does no damage.
The killer bee stings you.
* * * LOW HITPOINT WARNING * * *
You are lethally poisoned!
The killer bee poisons you! The killer bee stings you.
* * * LOW HITPOINT WARNING * * *
The killer bee closely misses you.
The killer bee is struck by your spines.
The killer bee stings you.
You die...
Your body disappears without a glow.

....#.##.# ...# ......##.#
#...# .....^##.# #...#..
......##.# #####...#.. ..
......##.# #.....# ..# ..#
.....###.# #.....# #.# ..#
.....###.## #.†...# #.##..#
......##..#####..§..###.#...#
...##...........@yy...#...#
#########.####..yy.......##.###
# #.........###.#..#........
#### #........####.#§.#.###.##.
...###.......## #.....#.###.##.
##..##.......# #.#.#.y.$......
##..#.......# #.#.###........
##.#.......# ..#.# #........
#.#.......# ###y #........


You could see 4 killer bees.

Vanquished Creatures
  An ogre (D:4)
  A scorpion (D:5)
  An orc priest (D:4)
  2 hounds (D:4)
  A giant frog skeleton (D:5)
  Jessica (D:3)
  Ijyb (D:2)
  Terence (D:3)
  Natasha (D:3)
  A hound zombie (D:5)
  A hound skeleton (D:4)
  9 adders
  10 gnolls
  2 worms
  2 dart slugs
  6 giant geckos
  8 orcs
  A bat (D:2)
  3 giant cockroaches
  13 goblins
  14 hobgoblins
  6 quokkas
  3 ball pythons
  5 giant newts
  A jackal skeleton (D:4)
  8 kobolds
  16 rats
119 creatures vanquished.

Notes
Turn   | Place    | Note
-------+----------+-------------------------------------------
     0 | D:1      | TheGoonsmith the Demonspawn Gladiator began the quest for the Orb.
     0 | D:1      | Reached XP level 1. HP: 16/16 MP: 1/1
   404 | D:1      | Reached skill level 3 in Staves
   564 | D:1      | Gained mutation: You have a pair of small antennae on your head. [demonic ancestry]
   564 | D:1      | Reached XP level 2. HP: 22/22 MP: 2/2
   934 | D:1      | Reached XP level 3. HP: 27/27 MP: 3/3
  1277 | D:2      | Reached skill level 1 in Slings
  1401 | D:2      | Noticed Ijyb
  1422 | D:2      | Killed Ijyb
  1422 | D:2      | Gained mutation: When seriously injured, your bleeding wounds create armour. (AC +6) [demonic ancestry]
  1422 | D:2      | Reached XP level 4. HP: 16/33 MP: 4/4
  1687 | D:2      | Noticed a water moccasin
  2199 | D:3      | Reached skill level 4 in Staves
  2199 | D:3      | Reached XP level 5. HP: 38/38 MP: 5/5
  2623 | D:3      | Noticed Jessica
  2631 | D:3      | Killed Jessica
  2742 | D:3      | Reached skill level 5 in Staves
  3007 | D:3      | Gained mutation: You are partially covered in sharp spines. [demonic ancestry]
  3007 | D:3      | Reached XP level 6. HP: 43/44 MP: 6/6
  3343 | D:3      | Noticed Terence
  3343 | D:3      | Noticed Natasha
  3376 | D:3      | Killed Natasha
  3398 | D:3      | Killed Terence
  3606 | D:4      | Reached skill level 6 in Staves
  3743 | D:4      | Found a staircase to the Ecumenical Temple.
  3792 | Temple   | Entered the Ecumenical Temple
  3818 | Temple   | Became a worshipper of Nemelex Xobeh the Trickster
  4011 | D:4      | Reached XP level 7. HP: 49/50 MP: 7/7
  4102 | D:4      | Received a gift from Nemelex Xobeh
  4649 | D:5      | Entered Level 5 of the Dungeon
  4732 | D:5      | Reached skill level 7 in Staves
  4834 | D:5      | Noticed Prince Ribbit
  4835 | D:5      | Reached * piety under Nemelex Xobeh
  4852 | D:5      | Slain by a killer bee

Vault maps used:
D:1:      tarquinn_simple_flora_water_a, minmay_rat_gold_closets
D:2:      first_bread, grunt_decor_one_mirror, lightli_corner_chamber, uniq_iyjb
D:3:      serial_bayou_pond_d, st_stairs_14, solitary_fountain, grunt_decor_cap,
          uniq_jessica, uniq_terence, uniq_natasha
D:5:      uniq_prince_ribbit1
Temple:   compressed_dpeg_triangle_lava_temple

Skill      XL: |  1  2  3  4  5  6  7 |
---------------+----------------------+-----
Staves         | 3 4 5 6 7 |  7.0
Slings         | 2 3 |  3.0
Fighting       | |  2.6
Throwing       | |  1.7
Dodging        | |  2.6

Action                   |  1- 3 |  4- 6 |  7- 9 || total
-------------------------+-------+-------+-------++-------
Melee: Quarterstaff      |    60 |   152 |    42 ||   254
       Unarmed           |       |     5 |       ||     5
 Fire: Hunting sling     |    55 |    52 |       ||   107
Throw: Javelin           |       |     1 |     2 ||     3
       Throwing net      |       |     1 |       ||     1
  Use: Scroll            |       |    10 |     1 ||    11
       Potion            |       |       |     2 ||     2
 Stab: Sleeping          |     2 |       |       ||     2
       Held in net/web   |       |     1 |       ||     1
  Eat: Chunk             |     1 |     9 |     2 ||    12
Armor: Leather armour    |    16 |       |       ||    16
       Ring mail         |       |    55 |       ||    55
       Chain mail        |       |    10 |    18 ||    28
       Skin              |       |     2 |       ||     2
Dodge: Dodged            |    30 |    71 |    26 ||   127
